 Dungeon Crawl Stone Soup version 0.30-a0-586-g23e55c9e0a (webtiles) character file.

Game seed: 12051953628166689826

646 whiskeysaurus the Trooper (level 7, 0/76 HPs)
             Began as an Ogre Warper on Jan 4, 2023.
             Slain by an orc
             ... wielding a +0 whip
              (4 damage)
             ... on level 6 of the Dungeon.
             The game lasted 00:08:19 (5365 turns).

whiskeysaurus the Trooper (Ogre Warper)             Turns: 5365, Time: 00:08:20

Health: 0/76       AC:  3    Str: 18      XL:     7   Next: 52%
Magic:  10/10      EV: 10    Int: 14      God:
Gold:   203        SH:  0    Dex:  4 (8)  Spells: 10/10 levels left

rFire   . . .      SeeInvis .    j - +2 whip (venom)
rCold   . . .      Faith    .    (no shield)
rNeg    + . .      Spirit   .    b - +0 robe
rPois   .          Reflect  .    (helmet restricted)
rElec   .          Harm     .    (no cloak)
rCorr   .          Rampage  .    (gloves unavailable)
Will    .....                    (boots unavailable)
Stlth   +                        v - amulet of regeneration
HPRegen 1.12/turn                i - ring of positive energy
MPRegen 0.12/turn                (no ring)

@: no status effects
A: large, unfitting armour, tough skin 1
a: no special abilities


You were on level 6 of the Dungeon.
You visited 1 branch of the dungeon, and saw 6 of its levels.

You collected 203 gold pieces.

Inventory:

Hand Weapons
 a - a +0 mace
 j - a +2 whip of venom (weapon)
Missiles
 d - 7 boomerangs of dispersal (quivered)
 o - 3 boomerangs
Armour
 b - a +0 robe (worn)
 s - a +0 kite shield
Jewellery
 g - an amulet of faith
 i - a ring of positive energy (left hand)
 v - an amulet of regeneration (around neck)
 y - a ring of flight
Wands
 x - a wand of flame (23)
Scrolls
 c - 2 scrolls of blinking
 f - 3 scrolls of identify {unknown}
 h - a scroll of magic mapping {unknown}
 l - 2 scrolls of poison {unknown}
 n - 2 scrolls of noise {unknown}
 p - 3 scrolls of torment {unknown}
 q - 3 scrolls of teleportation {unknown}
 r - a scroll of enchant armour {unknown}
 t - a scroll of immolation {unknown}
Potions
 e - a potion of magic {unknown}
 k - a potion of lignification {unknown}
 m - a potion of invisibility {unknown}
 u - a potion of brilliance {unknown}
 w - 2 potions of degeneration {unknown}


   Skills:
 + Level 6.9 Fighting
 + Level 3.7 Maces & Flails
 - Level 1.0 Throwing
 - Level 5.0 Dodging
 - Level 2.4 Spellcasting
 - Level 2.6 Translocations


You had 10 spell levels left.
You didn't know any spells.
Your spell library contained the following spells:

 Spells                   Type           Power      Damage    Failure   Level
 Blink                    Tloc           18%        N/A       12%         2
 Beastly Appendage        Tmut           2%         N/A       22%         1
 Summon Small Mammal      Summ           4%         N/A       22%         1
 Lesser Beckoning         Tloc           18%        N/A       22%         3
 Teleport Other           Tloc           9%         N/A       22%         3
 Wereblood                Tmut           1%         N/A       34%         2
 Vhi's Electric Charge    Tloc/Air       10%        N/A       36%         3
 Call Canine Familiar     Summ           1%         N/A       56%         3
 Spider Form              Tmut/Pois      1%         N/A       56%         3
 Summon Guardian Golem    Hex/Summ       1%         N/A       56%         3
 Manifold Assault         Tloc           9%         N/A       58%         4


Dungeon Overview and Level Annotations

Branches:
Dungeon (6/15)
 Temple: D:4-7

Altars:
Ashenzari
Makhleb


Innate Abilities, Weirdness & Mutations

You are too large for most types of armour.
You have tough skin. (AC +1)


Message History

The white imp gestures at you. The puff of frost hits you!
A shadow imp comes into view.
Something hits the demonic plant. x2
The white imp completely misses the demonic plant.
Something hits the demonic plant. x2; The shadow imp moves out of view.
The white imp attacks as you move away!
The white imp hits you but does no damage.
The white imp gestures at you. The puff of frost hits you!
* * * LOW HITPOINT WARNING * * *
The white imp hits something.
The white imp freezes something.
The white imp gestures at you. The puff of frost hits you.
* * * LOW HITPOINT WARNING * * *
The white imp hits something.
The white imp freezes something.
The white imp gestures at you. The puff of frost hits you!
* * * LOW HITPOINT WARNING * * *
The white imp gestures at you. The puff of frost misses you.
The white imp gestures at you. The puff of frost hits you!
* * * LOW HITPOINT WARNING * * *
Blink to where?
Press: ? - help, Dir - move target
As you read the scroll of blinking, it crumbles to dust.
You climb downwards.
The orc shouts! x2; You hear a shout!
Found 9 gold pieces.
There is a stone staircase leading up here.
You whack the orc!
You kill the orc!
You feel your dexterity returning.
The orc throws a silver boomerang.
The silver boomerang hits you.
* * * LOW HITPOINT WARNING * * *
x2 You closely miss the orc.
The orc hits you with a +0 whip.
* * * LOW HITPOINT WARNING * * *
You barely miss the orc. The orc hits you with a +0 whip.
You die...

## #. #. #.
#####. .....
####..#######.#
#.....o@....$.#
#.##.)#########
#.. #.. #.# #.
#. #.


You could see an orc.

Vanquished Creatures
  A black bear (D:5)
  A scorpion (D:4)
  A hound (D:3)
  A quasit (D:5)
  2 orc priests
  2 iguanas (D:4)
  Terence (D:1)
  An orc wizard (D:4)
  7 gnolls
  5 adders
  A shadow imp (D:5)
  2 worms (D:3)
  5 dart slugs
  19 orcs
  10 endoplasms
  5 giant cockroaches
  5 goblins
  6 hobgoblins
  8 jackals (D:1)
  7 quokkas
  4 ball pythons
  4 bats
  5 frilled lizards
  10 kobolds
  7 rats
120 creatures vanquished.

Vanquished Creatures (others)
  A demonic plant (D:5)
  A plant (D:5)
2 creatures vanquished.

Grand Total: 122 creatures vanquished

Notes
Turn   | Place    | Note
-------+----------+-------------------------------------------
     0 | D:1      | whiskeysaurus the Ogre Warper began the quest for the Orb.
     0 | D:1      | Reached XP level 1. HP: 22/22 MP: 3/3
   202 | D:1      | Reached skill level 3 in Fighting
   348 | D:1      | Reached XP level 2. HP: 28/31 MP: 5/5
   429 | D:1      | Reached skill level 4 in Fighting
   562 | D:1      | Reached XP level 3. HP: 37/40 MP: 6/6
   902 | D:1      | Reached skill level 5 in Fighting
  1251 | D:2      | Found a faded altar of an unknown god.
  1253 | D:2      | Noticed Terence
  1265 | D:1      | Killed Terence
  1266 | D:1      | Reached XP level 4. HP: 43/50 MP: 7/7
  2262 | D:2      | Reached XP level 5. HP: 13/57 MP: 8/8
  2568 | D:3      | Found a broken altar of Ashenzari.
  2766 | D:3      | Reached XP level 6. HP: 57/66 MP: 9/9
  2823 | D:3      | Found a burning altar of Makhleb.
  2823 | D:3      | Noticed a blizzard demon
  2969 | D:3      | Reached skill level 5 in Dodging
  3328 | D:3      | Identified the +2 leather armour of Ofryf {+Blink rC- rN++
                  | Int+4}
  4280 | D:4      | Reached skill level 6 in Fighting
  4280 | D:4      | Reached XP level 7. HP: 75/75 MP: 10/10
  4785 | D:5      | Entered Level 5 of the Dungeon
  4816 | D:5      | HP: 2/76 [black bear (4)]
  5356 | D:5      | HP: 3/76 [white imp/puff of frost (9)]
  5364 | D:6      | HP: 3/76 [orc/+0 whip (4)]
  5365 | D:6      | Slain by an orc

Illustrated notes

Levels and vault maps discovered:
D:1:      dpeg_arrival_signposts, layout_basic
D:2:      layout_basic, ebering_ecumenical_altar_petrified, minmay_pentomino_u4,
          uniq_terence
D:3:      layout_basic, general_overflow_altar, makhleb_altar_promises_db
D:4:      layout_basic
D:5:      corexii_shack_village, layout_rooms, serial_demonic, serial_demonic_b,
          serial_demonic_f, serial_demonic_c, serial_demonic_c,
          serial_demonic_d, serial_demonic_f, minivault_26
D:6:      layout_loops_ring

Skill      XL: |  1  2  3  4  5  6  7 |
---------------+----------------------+-----
Fighting       | 3 4 5 6 |  6.9
Dodging        | 3 4 5 |  5.0
Maces & Flails | 2 3 |  3.7
Throwing       | |  1.0
Spellcasting   | |  2.4
Translocations | |  2.6

Action                   |  1- 3 |  4- 6 |  7- 9 || total
-------------------------+-------+-------+-------++-------
Melee: Mace              |   127 |       |       ||   127
       Whip              |     4 |   230 |    36 ||   270
  Use: Scroll            |       |       |     2 ||     2
 Stab: Sleeping          |       |     2 |       ||     2
Armor: Robe              |    42 |    50 |    28 ||   120
Dodge: Dodged            |    75 |    97 |    40 ||   212

Table legend: (Time is in decaauts)
 A = Elapsed time spent in this place.
 B = Non-inter-level travel time spent in this place.
 C = Inter-level travel time spent in this place.
 D = Time resting spent in this place.
 E = Time spent auto-exploring this place.
 F = Levels seen in this place.
 G = Mean time per level.
                   A        B        C        D        E       F      G
               +--------+--------+--------+--------+--------+-----+--------+
         Total |   5406 |   5240 |    166 |    973 |   3289 |   6 |  901.0 |
       Dungeon |   5406 |   5240 |    166 |    973 |   3289 |   6 |  901.0 |
               +--------+--------+--------+--------+--------+-----+--------+

Top non-repeatable levels by time:
     D:4: 1596 daAuts
     D:1: 1439 daAuts
     D:3: 1356 daAuts
     D:2: 900 daAuts
     D:5: 108 daAuts
     D:6: 5 daAuts
